 Dungeon Crawl Stone Soup version 0.25-a0-200-g5ba96148f3 (webtiles) character file.

Game seed: 2305001165359512752, levelgen mode: deterministic

63 floatRand the Sneak (level 3, -1/29 HPs)
             Began as a Demigod Assassin on Dec 1, 2019.
             Slain by a centaur (3 damage)
             ... on level 2 of the Dungeon.
             The game lasted 00:01:35 (1694 turns).

floatRand the Sneak (Demigod Assassin)              Turns: 1694, Time: 00:01:36

Health: -1/29      AC:  3    Str: 20    XL:     3   Next: 61%
Magic:  5/5        EV: 13    Int: 15    God:
Gold:   36         SH:  0    Dex: 17    Spells: 2/2 levels left

rFire    . . .     SeeInvis .   a - +2 dagger
rCold    . . .     Gourm    .   (no shield)
rNeg     . . .     Faith    .   b - +0 robe
rPois    .         Spirit   .   (no helmet)
rElec    .         Reflect  .   c - +0 cloak
rCorr    .         Harm     .   (no gloves)
MR       .....                  (no boots)
Stlth    +++.......             (no amulet)
HPRegen  0.09/turn              m - +4 ring of strength
MPRegen  0.09/turn              (no ring)

@: no status effects
A: high mp 1
a: no special abilities


You were on level 2 of the Dungeon.
You were hungry.

You visited 1 branch of the dungeon, and saw 2 of its levels.

You collected 36 gold pieces.

Inventory:

Hand Weapons
 a - a +2 dagger (weapon)
Missiles
 d - 8 poisoned darts (quivered)
 e - 2 curare-tipped darts
Armour
 b - a +0 robe (worn)
 c - a +0 cloak (worn)
Jewellery
 m - a +4 ring of strength (left hand)
Scrolls
 j - 2 scrolls of identify {unknown}
 n - a scroll of teleportation {unknown}
Potions
 g - a potion of ambrosia {unknown}
 h - a potion of haste {unknown}
 i - 2 potions of mutation {unknown}
 k - a potion of brilliance {unknown}
Comestibles
 f - 3 rations
 l - 3 chunks of flesh


   Skills:
 - Level 1.7 Fighting
 + Level 2.6 Short Blades
 - Level 1.7 Throwing
 + Level 2.1 Dodging
 + Level 4.2 Stealth


You had 2 spell levels left.
You didn't know any spells.
Your spell library was empty.

Dungeon Overview and Level Annotations

Branches:
Dungeon (2/15)


Innate Abilities, Weirdness & Mutations

You have an increased reservoir of magic. (+10% MP)


Message History

You are too injured to fight recklessly!
You hit the centaur.
The centaur is heavily wounded.
The centaur barely misses you.
You barely miss the centaur.
The centaur is heavily wounded.
The centaur completely misses you.
You hit the centaur.
The centaur is heavily wounded.
The centaur hits you. The centaur hits you!
* * * LOW HITPOINT WARNING * * *
Unknown command.
You hit the centaur.
The centaur is severely wounded.
The centaur misses you.
Unknown command.
You hit the centaur but do no damage.
The centaur is severely wounded.
The centaur hits you.
You die...

..... ..# #......> ..
# . #......###+#.# .#
#.###............#.
...#.............
#.............#####
#................#
+.........(.@#
##...÷....(.c## #
###..###....###.....
#......÷..........c.
##.##.............?..#
#..##........[....##.#
..###.............# #
### #...............
..........###....


You could see a centaur.

Vanquished Creatures
  An adder (D:2)
  2 oozes (D:1)
  3 leopard geckos (D:1)
  6 bats
  4 giant cockroaches
  A goblin (D:1)
  7 hobgoblins (D:1)
  3 jackals (D:1)
  5 kobolds (D:1)
  A ball python (D:1)
  A frilled lizard (D:1)
  8 rats
42 creatures vanquished.

Notes
Turn   | Place    | Note
-------+----------+-------------------------------------------
     0 | D:1      | floatRand the Demigod Assassin began the quest for the Orb.
     0 | D:1      | Reached XP level 1. HP: 17/17 MP: 3/3
    14 | D:1      | Reached skill level 1 in Dodging
   246 | D:1      | Reached XP level 2. HP: 21/24 MP: 4/4
   678 | D:1      | Reached skill level 4 in Stealth
   793 | D:1      | Reached XP level 3. HP: 22/29 MP: 5/5
  1679 | D:2      | Noticed a centaur
  1694 | D:2      | Slain by a centaur

Levels and vault maps discovered:
D:1:      erik_arrival_gehennom, layout_loops_ring, minmay_crystal_water,
          hangedman_decor_lopped
D:2:      cheibrodos_greedy_goblins, layout_basic, overflow_temple_1_default,
          minmay_quantized, uniq_sigmund

Skill      XL: |  1  2  3 |
---------------+----------+-----
Dodging        | 1 2 |  2.1
Short Blades   | 2 |  2.6
Stealth        | 4 |  4.2
Fighting       | |  1.7
Throwing       | |  1.7

Action                   || total
-------------------------++-------
Melee: Dagger            ||   183
 Stab: Sleeping          ||     8
  Eat: Chunk             ||     2
Armor: Robe              ||    57
Dodge: Dodged            ||   138

Table legend:
 A = Non-vault XP
 B = Vault XP
 C = Vault XP percentage of total XP
 D = Non-vault monster count
 E = Vault monster count
 F = Vault count percentage of total count
                 A         B        C        D         E       F
            +---------+---------+-------+---------+---------+-------
      Total |      71 |      19 |  21.1 |      37 |       5 |  11.9
            +---------+---------+-------+---------+---------+-------
        D:1 |      52 |      19 |  26.8 |      31 |       5 |  13.9
        D:2 |      19 |       0 |   0.0 |       6 |       0 |   0.0
            +---------+---------+-------+---------+---------+-------
